 Dungeon Crawl Stone Soup version 0.18.1-48-g4cf74bf (webtiles) character file.

508 Alarkh the Charmwright (level 6, -12/44 HPs)
             Began as a Vampire Skald on July 17, 2016.
             Was a Believer of Makhleb.
             Mangled by an ogre
             ... wielding a +0 giant club
              (27 damage)
             ... on level 4 of the Dungeon.
             The game lasted 00:07:13 (3399 turns).

Alarkh the Charmwright (Vampire Skald)              Turns: 3399, Time: 00:07:14

Health: -12/44     AC: 10    Str: 11    XL:     6   Next: 98%
Magic:  7/11       EV:  9    Int: 17    God:    Makhleb [**....]
Gold:   148        SH:  0    Dex: 13    Spells: 4 memorised, 3 levels left

rFire  . . .     SeeInvis +     a - +1 falchion
rCold  . . .     Gourm    .     b - +0 leather armour
rNeg   . . .     Faith    .     (no shield)
rPois  +         Spirit   .     p - +0 helmet (curse)
rElec  .         Dismiss  .     q - +2 cloak {rPois}
rCorr  .         Reflect  .     r - +1 pair of gloves
SustAt +         Harm     .     t - +0 pair of boots
MR     .....                    o - amulet of magic regeneration
Stlth  +.........               u - ring of sustain attributes
                                s - -2 ring of evasion (curse)

@: infused, regenerating very quickly, not resistant to hostile enchantments,
very unstealthy
A: fangs 3, see invisible, unbreathing
a: Minor Destruction, Renounce Religion


You were on level 4 of the Dungeon.
You worshipped Makhleb.
Makhleb was pleased with you.
You were almost alive.

You visited 2 branches of the dungeon, and saw 6 of its levels.

You collected 148 gold pieces.

Inventory:

Hand Weapons
 a - a +1 falchion (weapon)
Armour
 b - a +0 leather armour (worn)
 p - a cursed +0 helmet (worn)
 q - a +2 cloak of poison resistance (worn)
 r - a +1 pair of gloves (worn)
 t - a +0 pair of boots (worn)
 v - the +0 cloak of Weightlessness {-Tele +Inv rC+ Str+10}
   (You found it on level 4 of the Dungeon)

   It affects your strength (+10).
   It protects you from cold.
   It lets you turn invisible.
   It prevents most forms of teleportation.
Jewellery
 o - an amulet of magic regeneration (around neck)
 s - a cursed -2 ring of evasion (left hand)
 u - a ring of sustain attributes (right hand)
Wands
 e - a wand of teleportation (4/9)
Scrolls
 g - 3 scrolls of recharging
 k - a scroll of fear
 m - a scroll of enchant weapon
Potions
 d - 3 potions of blood
 f - 2 potions of curing
 h - a potion of lignification
 i - 2 potions of heal wounds
 j - a potion of magic
 l - 2 potions of flight
 n - a potion of degeneration {unknown}
Books
 c - a book of Battle

   Spells                             Type                      Level
   a - Infusion                       Charms                       1
   b - Shroud of Golubria             Charms/Translocation         2
   c - Song of Slaying                Charms                       2
   d - Spectral Weapon                Hexes/Charms                 3
   e - Regeneration                   Charms/Necromancy            3


   Skills:
 - Level 1.7 Fighting
 * Level 5.3 Long Blades
 - Level 0.7 Armour
 - Level 1.1 Dodging
 + Level 3.6 Spellcasting
 + Level 5.5 Charms


You had 3 spell levels left.
You knew the following spells:

 Your Spells              Type           Power        Failure   Level  Hunger
a - Infusion              Chrm           ###.         2%          1    None
b - Shroud of Golubria    Chrm/Tloc      ##........   12%         2    ##.....
c - Spectral Weapon       Hex/Chrm       ##......     21%         3    ###....
d - Regeneration          Chrm/Necr      ##........   21%         3    ###....


Dungeon Overview and Level Annotations

Branches:
Dungeon (5/15)             Temple (1/1) D:4

Altars:
Cheibriados
Dithmenos
Fedhas
Gozag
Kikubaaqudgha
Makhleb
Nemelex Xobeh
Okawaru
Pakellas
Qazlal
Ru
Sif Muna
Xom
Zin


Innate Abilities, Weirdness & Mutations

Your natural rate of healing is extremely fast.
You have razor-sharp teeth.
You have supernaturally acute eyesight.
You can survive without breathing.


Message History

Casting: Infusion
Confirm with . or Enter, or press ? or * to list all spells.
Space distorts slightly along a thin shroud covering your body.
Casting: Shroud of Golubria
Confirm with . or Enter, or press ? or * to list all spells.
You begin infusing your attacks with magical energy.
Your shroud bends the ogre's attack away!
Unknown command.
You slash the ogre!
The ogre is heavily wounded.
The ogre barely misses you.
You barely miss the ogre.
The ogre is heavily wounded.
The ogre hits you with a giant club!
Your shroud falls apart!
You hit the ogre.
The ogre is severely wounded.
The ogre hits you with a giant club!!
Ouch! That really hurt!
You die...

# ##.## #####..# #.# # ##...##
#..# #.# ######..#..### #..# #.#
.......###...# #..# #.#
######..#..#.#####..# #.# #
##...#.........# #.# #
##.##..######.## #.# #
#.##..#####...###.#######
########.##....O@...............
.(.....>.....#####...##.########
###########..######.###.#
....................# #.#
############.######## #.# # #.#
#.# # #># #.# # #.##### #.#
#.....# #.#


You could see an ogre.

Vanquished Creatures
  The ghost of Hypnagogic the Magician, an amateur DECj (D:4)
  An orc wizard (D:3)
  Crazy Yiuf (D:3)
  A centaur skeleton (D:4)
  An iguana (D:5)
  4 worker ants (D:4)
  8 adders
  An ooze (D:3)
  3 worms
  8 dart slugs (D:3)
  2 giant geckos
  14 orcs
  4 giant cockroaches
  8 goblins
  11 hobgoblins
  5 jackals
  5 kobolds
  A quokka (D:4)
  2 bats
  3 giant newts
  A quokka skeleton (D:5)
  6 rats
91 creatures vanquished.

Notes
Turn   | Place    | Note
--------------------------------------------------------------
     0 | D:1      | Alarkh the Vampire Skald began the quest for the Orb.
     0 | D:1      | Reached XP level 1. HP: 16/16 MP: 3/3
   329 | D:1      | Reached XP level 2. HP: 18/22 MP: 0/5
   386 | D:1      | Learned a level 2 spell: Shroud of Golubria
   883 | D:2      | Reached XP level 3. HP: 26/27 MP: 0/6
  1410 | D:2      | Reached XP level 4. HP: 28/33 MP: 3/7
  1698 | D:3      | Noticed a green death
  1774 | D:3      | Found a burning altar of Makhleb.
  1776 | D:3      | Found a glowing silver altar of Zin.
  1777 | D:3      | Noticed an angel
  1780 | D:3      | Became a worshipper of Makhleb the Destroyer
  2350 | D:3      | Noticed Crazy Yiuf
  2365 | D:3      | HP: 1/33 [Crazy Yiuf/quarterstaff of chaos (7)]
  2367 | D:3      | Killed Crazy Yiuf
  2367 | D:3      | Reached XP level 5. HP: 2/38 MP: 7/9
  2508 | D:3      | Reached * piety under Makhleb
  2536 | D:4      | Found a staircase to the Ecumenical Temple.
  2657 | D:3      | Learned a level 3 spell: Spectral Weapon
  2661 | D:3      | Learned a level 3 spell: Regeneration
  2725 | D:4      | Reached skill level 5 in Charms
  2733 | Temple   | Entered the Ecumenical Temple
  2838 | D:4      | Reached XP level 6. HP: 44/44 MP: 7/10
  2920 | D:4      | Got a transparent cloak
  2931 | D:4      | Identified the +0 cloak of Weightlessness {-Tele +Inv rC+ Str+10} (You found it on level 4 of the Dungeon)
  3022 | D:4      | Noticed Hypnagogic's ghost (amateur DECj)
  3042 | D:5      | Entered Level 5 of the Dungeon
  3170 | D:4      | Killed Hypnagogic's ghost
  3170 | D:4      | Reached ** piety under Makhleb
  3170 | D:4      | Reached skill level 5 in Long Blades
  3399 | D:4      | Mangled by an ogre

Skill      XL: |  1  2  3  4  5  6 |
---------------+-------------------+-----
Long Blades    | 3 4 5 |  5.3
Charms         | 4 5 |  5.5
Spellcasting   | 3 |  3.6
Fighting       | |  1.7
Armour         | |  0.7
Dodging        | |  1.1

Action                   |  1- 3 |  4- 6 || total
-------------------------+-------+-------++-------
Melee: Falchion          |   115 |   195 ||   310
       Bite              |     7 |    11 ||    18
 Cast: Infusion          |    13 |    24 ||    37
       Shroud of Golubri |       |     3 ||     3
  Use: Potion            |    10 |    13 ||    23
       Scroll            |       |    11 ||    11
Armor: Leather armour    |    25 |    68 ||    93
       Skin              |       |    20 ||    20
Dodge: Dodged            |    72 |    94 ||   166
